 Dungeon Crawl Stone Soup version 0.28-a0-969-g2dcde036d2 (webtiles) character file.

Game seed: 15208913643416030202

51 HessuHobo the Firebug (level 3, 0/31 HPs)
             Began as an Ogre Fire Elementalist on Dec 1, 2021.
             Slain by an adder (3 damage)
             ... on level 3 of the Dungeon.
             The game lasted 00:03:28 (2674 turns).

HessuHobo the Firebug (Ogre Fire Elementalist)      Turns: 2674, Time: 00:03:28

Health: 0/31       AC:  3    Str: 12    XL:     3   Next: 81%
Magic:  5/7        EV:  9    Int: 18    God:
Gold:   127        SH:  0    Dex:  9    Spells: 7/8 levels left

rFire   . . .      SeeInvis .   j - +0 short sword
rCold   . . .      Faith    .   (no shield)
rNeg    . . .      Spirit   .   a - +0 robe
rPois   .          Reflect  .   (helmet restricted)
rElec   .          Harm     .   (no cloak)
rCorr   .          Rampage  .   (gloves unavailable)
Will    .....                   (boots unavailable)
Stlth   +.........              (no amulet)
HPRegen 0.10/turn               (no ring)
MPRegen 0.10/turn               (no ring)

@: lethally poisoned (0 -> -3)
A: large, unfitting armour, tough skin 1
a: no special abilities


You were on level 3 of the Dungeon.
You visited 1 branch of the dungeon, and saw 3 of its levels.

You collected 127 gold pieces.

Inventory:

Hand Weapons
 b - a +0 club
 e - a +0 dagger
 j - a +0 short sword (weapon)
Armour
 a - a +0 robe (worn)
Magical Staves
 i - a staff of death
Scrolls
 c - a scroll of identify {unknown}
 f - a scroll of summoning {unknown}
 g - a scroll of immolation {unknown}
Potions
 d - 2 potions of mutation {unknown}
 h - a potion of degeneration {unknown}
 k - a potion of brilliance {unknown}
 l - a potion of curing {unknown}


   Skills:
 - Level 0.1 Fighting
 - Level 0.2 Maces & Flails
 - Level 1.8 Dodging
 - Level 1.5 Stealth
 + Level 3.1 Spellcasting
 + Level 1.2 Conjurations
 + Level 3.5 Fire Magic


You had 7 spell levels left.
You knew the following spells:

 Your Spells              Type           Power      Damage    Failure   Level
a - Foxfire               Conj/Fire      44%        2x1d6     6%          1

Your spell library contained the following spells:

 Spells                   Type           Power      Damage    Failure   Level
 Scorch                   Fire           30%        2d7       6%          2
 Conjure Flame            Conj/Fire      11%        6-21      19%         3
 Inner Flame              Hex/Fire       9%         N/A       24%         3
 Flame Wave               Conj/Fire      11%        2d5       52%         4


Dungeon Overview and Level Annotations

Branches:
Dungeon (3/15)

Altars:


Innate Abilities, Weirdness & Mutations

You are too large for most types of armour.
You have tough skin. (AC +1)


Message History

Confirm with . or Enter, or press ? or * to list all spells.
You conjure some foxfire!
The adder bites you.
Your foxfire dissipates!
The adder bites you.
There is a stone staircase leading down here.
The bat hits you but does no damage. The adder bites you.
The bat hits you but does no damage.
You climb downwards.
There is a stone staircase leading up here.
You barely miss the adder. The adder bites you.
You closely miss the adder. The adder bites you. The adder barely misses you.
Casting: Foxfire (safe; 6% risk of failure)
Confirm with . or Enter, or press ? or * to list all spells.
There is not enough space to conjure foxfire!
Casting: Foxfire (safe; 6% risk of failure)
Confirm with . or Enter, or press ? or * to list all spells.
You don't know that spell.
You hit the adder.
The adder is lightly wounded.
The adder bites you.
You are poisoned.
The adder poisons you!
Casting: Foxfire (safe; 6% risk of failure)
Confirm with . or Enter, or press ? or * to list all spells.
There is not enough space to conjure foxfire!
You miss the adder.
The adder is lightly wounded.
You feel sick. The adder bites you.
* * * LOW HITPOINT WARNING * * *
The adder bites you.
* * * LOW HITPOINT WARNING * * *
You hit the adder but do no damage.
The adder is lightly wounded.
* * * LOW HITPOINT WARNING * * *
You feel sick. The adder bites you but does no damage.
You hit the adder but do no damage.
The adder is lightly wounded.
* * * LOW HITPOINT WARNING * * *
You feel sick. The adder bites you.
You die...

#.#####
#...S@#
#..####
... #


You could see an adder.

Vanquished Creatures
  An adder (D:2)
  A dart slug (D:1)
  4 bats
  6 endoplasms
  A giant cockroach (D:2)
  4 goblins (D:1)
  6 hobgoblins
  3 jackals
  2 ball pythons
  A frilled lizard (D:1)
  A kobold (D:2)
  7 rats
37 creatures vanquished.

Vanquished Creatures (others)
  76 foxfires
76 creatures vanquished.

Grand Total: 113 creatures vanquished

Notes
Turn   | Place    | Note
-------+----------+-------------------------------------------
     0 | D:1      | HessuHobo the Ogre Fire Elementalist began the quest for
                  | the Orb.
     0 | D:1      | Reached XP level 1. HP: 16/16 MP: 3/3
   414 | D:1      | Reached XP level 2. HP: 24/24 MP: 3/5
  1045 | D:1      | Reached XP level 3. HP: 26/31 MP: 4/7
  1062 | D:1      | Reached skill level 1 in Conjurations
  1373 | D:1      | Found a faded altar of an unknown god.
  2674 | D:3      | Slain by an adder

Illustrated notes

Levels and vault maps discovered:
D:1:      lightli_arrival_maybe_door_vault, layout_rooms,
          hellmonk_ecumenical_altar_leap_of_faith, minmay_hexomino_c4
D:2:      layout_rooms, minmay_misc_feat_pillars, kennysheep_generic_room_16
D:3:      minmay_chambers_of_threes, layout_basic,
          mainiacjoe_overflow_cross_hatched, uniq_jessica, uniq_terence

Skill      XL: |  1  2  3 |
---------------+----------+-----
Fire Magic     | 3 |  3.5
Conjurations   | 1 |  1.2
Spellcasting   | 3 |  3.1
Fighting       | |  0.1
Maces & Flails | |  0.2
Dodging        | |  1.8
Stealth        | |  1.5

Action                   || total
-------------------------++-------
Melee: Unarmed           ||     8
       Club              ||    26
       Short sword       ||    14
       Dagger            ||     1
 Cast: Foxfire           ||    60
  Use: Potion            ||     1
 Stab: Sleeping          ||     1
Armor: Robe              ||    40
       Skin              ||    15
Dodge: Dodged            ||    62

Table legend: (Time is in decaauts)
 A = Elapsed time spent in this place.
 B = Non-inter-level travel time spent in this place.
 C = Inter-level travel time spent in this place.
 D = Time resting spent in this place.
 E = Time spent auto-exploring this place.
 F = Levels seen in this place.
 G = Mean time per level.
                   A        B        C        D        E       F      G
               +--------+--------+--------+--------+--------+-----+--------+
         Total |   2682 |   2653 |     29 |   1610 |    585 |   3 |  894.0 |
       Dungeon |   2682 |   2653 |     29 |   1610 |    585 |   3 |  894.0 |
               +--------+--------+--------+--------+--------+-----+--------+

Top non-repeatable levels by time:
     D:1: 1628 daAuts
     D:2: 1047 daAuts
     D:3: 6 daAuts
